 Dungeon Crawl Stone Soup version 0.17.0-1-g61d176b (webtiles) character file.

107480 septik the Tortoise (level 16, -2/166 HPs)
             Began as a Minotaur Berserker on Nov 7, 2015.
             Was the Champion of Trog.
             Blown up by an orb spider (28 damage)
             ... with an orb of destruction
             ... on level 2 of the Spider Nest.
             The game lasted 01:54:40 (33402 turns).

septik the Tortoise (Minotaur Berserker)           Turns: 33402, Time: 01:54:41

Health: -2/166     AC: 37    Str: 24    XL:     16   Next: 0%
Magic:  15/15      EV: 18    Int:  9    God:    Trog [******]
Gold:   1035       SH:  0    Dex: 15    Spells: 0 memorised, 15 levels left

rFire  + + .     SeeInvis .     M - +2 great mace (protect)
rCold  + . .     Clarity  .     p - +3 chain mail
rNeg   + . .     SustAt   .     (shield currently unavailable)
rPois  +         Gourm    .     Y - -2 hat of the Alchemist {rElec rPois rF+ rC+ rN+ MR+ rMut rCorr}
rElec  +         Spirit   .     s - +0 cloak
rCorr  +         Warding  .     R - +2 pair of gloves
rMut   +         Stasis   .     U - +2 pair of boots of the Assassin {DetectMon Stab+ Stlth++}
MR     ++...                    (no amulet)
Stlth  +.........               z - +5 ring of intelligence
                                P - ring of Robustness {AC+8}

@: lethally poisoned (-2 -> -4), exhausted, slowed, very slow, very resistant to
hostile enchantments, very unstealthy
A: retaliatory headbutt, horns 2, camouflage 1, fire resistance 1, sense
surroundings 1, robust 1
a: Berserk, Trog's Hand, Brothers in Arms, Burn Spellbooks, Renounce Religion


You were on level 2 of the Spider Nest.
You worshipped Trog.
Trog was exalted by your worship.
You were not hungry.

You visited 4 branches of the dungeon, and saw 28 of its levels.
You also visited: Labyrinth and Ice Cave.

You collected 3032 gold pieces.
You spent 1997 gold pieces at shops.

Inventory:

Hand Weapons
 m - a +4 antimagic mace
 M - a +2 great mace of protection (weapon)
Missiles
 K - 7 tomahawks of returning (quivered)
 X - 2 throwing nets
Armour
 p - a +3 chain mail (worn)
 s - a +0 cloak (worn)
 J - a +1 plate armour of magic resistance
 R - a +2 pair of gloves (worn)
 U - the +2 pair of boots of the Assassin (worn) {DetectMon Stab+ Stlth++}
   (You found it in a labyrinth)

   It makes you much more stealthy.
 Y - the -2 hat of the Alchemist (worn) {rElec rPois rF+ rC+ rN+ MR+ rMut rCorr}
   (You bought it in a shop on level 7 of the Dungeon)

   It protects you from fire.
   It protects you from cold.
   It insulates you from electricity.
   It protects you from poison.
   It protects you from negative energy.
   It affects your resistance to hostile enchantments.
   It protects you from acid and corrosion.
   It protects you from mutation.
Jewellery
 z - a +5 ring of intelligence (right hand)
 P - the ring of Robustness (left hand) {AC+8}
   (You found it on level 13 of the Dungeon)

   [ring of protection]

   It affects your AC (+8).
Wands
 k - a wand of flame (29)
 o - a wand of magic darts (26)
 t - a wand of lightning (5)
 u - a wand of polymorph (12)
 I - a wand of hasting (4)
Scrolls
 e - 2 scrolls of identify
 g - a scroll of silence {unknown}
 l - 10 scrolls of remove curse
 n - a scroll of enchant armour
 r - a scroll of vulnerability {unknown}
 v - 5 scrolls of immolation
 B - 5 scrolls of teleportation
 C - a scroll of fear {unknown}
 D - 2 scrolls of fog
 N - 3 scrolls of summoning
Potions
 b - 2 potions of resistance
 d - 4 potions of lignification
 f - 5 potions of heal wounds
 h - 13 potions of curing
 j - 3 potions of agility
 q - 2 potions of invisibility
 F - 7 potions of might
 T - a potion of cancellation
Comestibles
 a - a slice of pizza
 c - 4 bread rations
 i - a meat ration
 H - 15 fruits


   Skills:
 + Level 15.9 Fighting
 * Level 16.2 Maces & Flails
 + Level 17.2 Armour
 + Level 15.7 Dodging
   Level 6.1 Shields


You had 15 spell levels left.
You didn't know any spells.

Dungeon Overview and Level Annotations

Branches:
Dungeon (14/15)            Temple (0/1) D:4            Lair (8/8) D:8
  Swamp (0/4) Lair:3       Spider (2/4) Lair:3        Slime (0/6) Lair:7
    Orc (4/4) D:11            Elf (0/3) Orc:4        Vaults (0/5) D:13

Altars:
Ashenzari
Dithmenos
Fedhas
Kikubaaqudgha
Makhleb
Nemelex Xobeh
Okawaru
Trog
Zin
Beogh
Jiyva

Shops:
D:5 (   D:7 [   D:10 [   Orc:4 !(?:

Annotations:
D:7 alchemist
Lair:4 exclusion: oklob plant


Innate Abilities, Weirdness & Mutations

You reflexively headbutt those who attack you in melee.
You have a pair of horns on your head.
Your skin changes colour to match your surroundings (Stealth).
Your flesh is heat resistant.
You passively map a small area around you.
You are robust (+10% HP).


Message History

You feel sick.
The orb spider begins to weave its threads into a brightly glowing ball.
You feel sick.
The orb of destruction hits the orb spider.
The orb spider is blown up!
The orb spider weaves a glowing orb of energy.
You feel sick.
The orb spider pulsates with a strange energy.
You feel sick.
The orb of destruction hits a rock wall.
The rock wall explodes into countless fragments.
The orb of destruction hits you!
* * * LOW HITPOINT WARNING * * *
You feel sick.
The orb spider weaves a glowing orb of energy.
You feel sick.
The orb spider pulsates with a strange energy.
Found 8 gold pieces.
You feel sick. The orb of destruction hits you!
You die...

...................... ,
........................
.#..§§.....^............
.....(.../(...........$.
$^......................
.......................#..#
....<.....s.....#.......#≈
.......%.§§§§§§§.........#
...§.....^..#..#@........##
...[........^...>.......≈≈#
...#[....^.#^............≈###
.....^...#...>..............##
.............................#
.........^...........#..#....#
............^...............##
...................#.........#
.................^.........#


You could see an orb spider.

Vanquished Creatures
  Kirke (Lair:6)
  Donald (Orc:4)
  Maud (D:12)
  An emperor scorpion (Spider:2)
  The ghost of septik the Severer, a journeyman MiBe of Trog (Lair:8)
  The ghost of WildSam the Fencer, a journeyman DsGl of Lugonu (Lair:7)
  Azrael (D:13)
  2 blizzard demons (IceCv)
  A minotaur (Lab)
  Fannar (D:10)
  An ice dragon (Lair:8)
  3 hydras
  A centaur warrior (D:13)
  An ogre mage (D:13)
  9 death yaks (Lair:7)
  A queen ant (Lair:8)
  The ghost of Rayvis the Fighter, a novice MiFi (D:7)
  3 orc high priests (Orc:4)
  4 skeletal warriors (D:13)
  2 fire crabs
  5 ice devils (IceCv)
  A wizard (D:13)
  4 hill giants
  4 orc knights (Orc:4)
  Pikel (D:9)
  A lindwurm (Lair:8)
  3 ugly things
  4 orc sorcerers (Orc:4)
  4 wolf spiders
  7 orb spiders
  A hornet (Spider:1)
  3 cyclopes
  A manticore (D:11)
  A hornet (shapeshifter) (D:13)
  3 griffons
  Joseph (D:9)
  17 elephants
  6 torpor snails (Lair:8)
  2 ice statues (IceCv)
  2 black mambas
  11 spiny frogs
  A gargoyle (D:11)
  A kobold demonologist (D:12)
  7 komodo dragons
  9 blue devils (IceCv)
  3 demonic crawlers
  5 trolls
  A polar bear (Lair:6)
  A boulder beetle (Lair:7)
  4 giant leeches (Lair:8)
  8 jumping spiders
  4 slime creatures (D:12)
  2 centaur simulacra (D:13)
  3 two-headed ogres (D:13)
  15 blink frogs
  5 tarantellas
  4 wyverns
  2 deep elf magi (D:10)
  25 yaks
  2 fire elementals (D:13)
  19 redbacks
  2 shadows
  A human (D:10)
  A hippogriff (shapeshifter) (D:11)
  3 hungry ghosts
  A steam dragon (Lair:4)
  3 hogs (Lair:6)
  Grum (D:9)
  5 basilisks
  12 hippogriffs
  5 trapdoor spiders
  2 mottled dragons
  8 wargs
  12 soldier ants
  14 wolves
  4 hell hounds (D:13)
  5 ice beasts
  4 sky beasts
  2 slaves (D:9)
  A phantom (D:8)
  2 swamp drakes (Lair:4)
  13 water moccasins
  7 porcupines
  4 wasps
  7 ogres
  3 black bears
  The ghost of Rayvis the Skirmisher, an amateur DsFi (D:3)
  2 necrophages
  18 orc warriors
  3 spiders (Spider:1)
  An eye of draining (D:11)
  28 crocodiles
  4 brain worms (Lair:8)
  16 centaurs
  6 big kobolds
  A gnoll sergeant (D:11)
  12 giant frogs
  3 scorpions
  A wyvern skeleton (D:13)
  A water moccasin skeleton (D:5)
  11 electric eels
  17 wights
  9 crimson imps
  A centaur zombie (D:10)
  3 quasits
  A giant frog zombie (D:10)
  A gnoll shaman (D:7)
  11 hounds
  3 centaur skeletons
  22 orc priests
  29 orc wizards
  A giant frog skeleton (D:7)
  41 worker ants
  2 iguanas
  A killer bee zombie (D:11)
  2 hound zombies (D:5)
  24 sheep
  15 gnolls
  4 hound skeletons
  13 adders
  A worker ant zombie (D:7)
  39 river rats
  4 shadow imps
  7 white imps (IceCv)
  7 ufetubi (IceCv)
  An ooze (D:4)
  An adder skeleton (D:4)
  An adder zombie (D:7)
  18 worms
  8 giant geckos
  136 orcs
  9 bats
  2 giant cockroaches
  8 goblins
  10 hobgoblins
  5 jackals
  16 kobolds
  2 quokkas
  2 ball pythons (D:1)
  A giant gecko skeleton (D:8)
  3 giant newts
  A jackal skeleton (D:4)
  A jackal zombie (D:8)
  9 rats
  A fungus (D:5)
  3 plants
966 creatures vanquished.

Vanquished Creatures (collateral kills)
  A dire elephant (Lair:6)
  A hydra (D:12)
  A hill giant (D:10)
  2 elephants (Lair:6)
  2 yaks (D:13)
  2 orc warriors (D:11)
  An ogre (D:11)
  A gnoll sergeant (D:11)
  2 big kobolds (D:11)
  A giant frog (D:12)
  A scorpion (D:10)
  A wight (D:11)
  An adder (D:10)
  2 orcs (D:11)
19 creatures vanquished.

Vanquished Creatures (others)
  An orb spider (Spider:2)
  A jumping spider (Spider:1)
  A polar bear (Lair:7)
  An orc priest (Orc:4)
  2 ufetubi (IceCv)
  A white imp (IceCv)
  2 orcs
  31 fungi
  12 plants
52 creatures vanquished.

Grand Total: 1037 creatures vanquished

Notes
Turn   | Place    | Note
--------------------------------------------------------------
     0 | D:1      | septik the Minotaur Berserker began the quest for the Orb.
     0 | D:1      | Reached XP level 1. HP: 19/19 MP: 0/0
   161 | D:1      | Reached XP level 2. HP: 21/27 MP: 1/1
   351 | D:1      | Reached skill level 4 in Fighting
   864 | D:1      | Reached ** piety under Trog
   864 | D:1      | Reached XP level 3. HP: 33/33 MP: 2/2
  1531 | D:2      | Reached XP level 4. HP: 27/41 MP: 3/3
  2338 | D:3      | Noticed Rayvis's ghost (amateur DsFi)
  2352 | D:3      | Killed Rayvis's ghost
  2352 | D:3      | Reached skill level 5 in Maces & Flails
  2352 | D:3      | Reached XP level 5. HP: 47/47 MP: 4/4
  2492 | D:3      | Found a shadowy altar of Dithmenos.
  2848 | D:4      | Reached skill level 5 in Fighting
  2862 | D:4      | Reached XP level 6. HP: 44/56 MP: 5/5
  2878 | D:4      | Found a staircase to the Ecumenical Temple.
  2887 | D:4      | Noticed an ogre
  2895 | D:4      | Killed an ogre
  2895 | D:4      | Reached skill level 6 in Maces & Flails
  2898 | D:4      | Reached *** piety under Trog
  2988 | D:4      | Found an iron altar of Okawaru.
  3249 | D:5      | Entered Level 5 of the Dungeon
  3345 | D:5      | Found a shattered altar of Ashenzari.
  3492 | D:5      | Reached XP level 7. HP: 59/61 MP: 6/6
  3505 | D:5      | Reached skill level 7 in Maces & Flails
  3550 | D:5      | Gained mutation: You expend magic power (3 MP) to strengthen your wands. [mutagenic meat]
  3551 | D:5      | Gained mutation: You are robust (+10% HP). [mutagenic meat]
  3552 | D:5      | Gained mutation: Your skin changes colour to match your surroundings (Stealth). [mutagenic meat]
  3607 | D:5      | Found an ancient bone altar of Kikubaaqudgha.
  3607 | D:5      | Found a sparkling altar of Nemelex Xobeh.
  3792 | D:5      | Found Sumnynt's Weapon Shoppe.
  3964 | D:5      | Reached skill level 5 in Armour
  4015 | D:5      | Found a glowing silver altar of Zin.
  4175 | D:6      | Found a bloodstained altar of Trog.
  4185 | D:6      | Reached skill level 8 in Maces & Flails
  4185 | D:6      | Reached XP level 8. HP: 66/78 MP: 7/7
  4305 | D:6      | Reached skill level 5 in Dodging
  5001 | D:7      | Found Nexi's Antique Armour Boutique.
  5146 | D:7      | Reached skill level 9 in Maces & Flails
  5313 | D:7      | Noticed Rayvis's ghost (novice MiFi)
  5329 | D:7      | Killed Rayvis's ghost
  5329 | D:7      | Reached XP level 9. HP: 83/85 MP: 8/8
  5506 | D:7      | Reached **** piety under Trog
  5616 | D:8      | Reached skill level 10 in Maces & Flails
  7321 | D:9      | Noticed Pikel
  7348 | D:9      | Killed Pikel
  7348 | D:9      | Reached XP level 10. HP: 83/92 MP: 9/9
  7349 | D:9      | Noticed Joseph
  7365 | D:9      | Killed Joseph
  7884 | D:9      | Noticed Grum
  7888 | D:9      | Reached skill level 11 in Maces & Flails
  7903 | D:9      | Killed Grum
  7906 | D:9      | Reached skill level 5 in Shields
  8345 | D:10     | Entered Level 10 of the Dungeon
  8453 | D:10     | Noticed Fannar
  8484 | D:10     | Killed Fannar
  8484 | D:10     | Reached skill level 10 in Armour
  8593 | D:10     | Found Estrawk's Antique Armour Shop.
  8919 | D:10     | Reached skill level 12 in Maces & Flails
  8919 | D:10     | Reached XP level 11. HP: 64/100 MP: 10/10
  9180 | D:10     | Noticed a hill giant
  9190 | D:10     | Killed a hill giant
  9308 | D:11     | Noticed a hill giant
  9322 | D:11     | Killed a hill giant
  9574 | D:11     | Reached skill level 10 in Dodging
  9789 | D:11     | Found a staircase to the Orcish Mines.
 10425 | D:11     | Found a blossoming altar of Fedhas.
 11084 | D:12     | Noticed Maud
 11099 | D:12     | Killed Maud
 11231 | D:12     | Noticed a hill giant
 11240 | D:12     | Killed a hill giant
 11502 | D:12     | Reached XP level 12. HP: 99/116 MP: 11/11
 11611 | D:12     | Noticed a seven-headed hydra
 11616 | D:12     | Killed a seven-headed hydra
 11778 | D:12     | Reached skill level 10 in Fighting
 11886 | D:13     | Noticed a centaur warrior
 11905 | D:13     | Killed a centaur warrior
 11965 | D:13     | Reached skill level 13 in Armour
 12023 | D:13     | Got a polished mace
 12024 | D:13     | Identified the +9 mace of Departure {flame, *Contam rPois MP+9} (You found it on level 13 of the Dungeon)
 12203 | D:13     | Got a blackened dagger
 12204 | D:13     | Identified the +6 dagger "Pieru" {pain, MR+ Str+8 Stlth-} (You found it on level 13 of the Dungeon)
 12218 | D:13     | Gained mutation: You passively map a small area around you. [mutagenic glow]
 12358 | D:13     | Found a shadowy altar of Dithmenos.
 12400 | D:13     | Noticed an eight-headed hydra
 12409 | D:13     | Killed an eight-headed hydra
 12693 | D:13     | Noticed Azrael
 12784 | D:13     | Found a gate to the Vaults.
 12793 | D:13     | Killed Azrael
 12843 | D:13     | Reached XP level 13. HP: 73/129 MP: 12/12
 12876 | D:13     | Reached skill level 14 in Armour
 13438 | D:8      | Found a staircase to the Lair.
 13866 | Lair:1   | Entered Level 1 of the Lair of Beasts
 15509 | Lair:3   | Found a hole to the Spider Nest.
 15648 | Lair:3   | Found a staircase to the Swamp.
 15973 | Lair:3   | Reached ***** piety under Trog
 16502 | Lair:4   | Received a gift from Trog
 17431 | Lair:5   | Reached skill level 15 in Armour
 18349 | Lair:6   | Noticed a dire elephant
 18355 | Lair:6   | Killed a dire elephant
 18423 | Lair:6   | Reached XP level 14. HP: 127/143 MP: 13/13
 18491 | Lair:6   | Noticed Kirke
 18521 | Lair:6   | Killed Kirke
 19291 | Lair:7   | Found a viscous altar of Jiyva.
 19292 | Lair:7   | Found a staircase to the Slime Pits.
 19392 | Lair:7   | Received a gift from Trog
 19440 | Lair:7   | Reached ****** piety under Trog
 19706 | Lair:7   | Noticed WildSam's ghost (journeyman DsGl)
 19735 | Lair:7   | Killed WildSam's ghost
 20640 | Lair:7   | Reached skill level 16 in Armour
 20999 | Lair:8   | Entered Level 8 of the Lair of Beasts
 21036 | Lair:8   | Received a gift from Trog
 21671 | Lair:8   | Noticed septik's ghost (journeyman MiBe)
 21689 | Lair:8   | Killed septik's ghost
 22370 | Lair:8   | Received a gift from Trog
 22745 | Lair:8   | Found a runed door.
 22885 | Lair:8   | Lost intelligence.
 22900 | Lair:8   | Reached XP level 15. HP: 130/152 MP: 14/14
 22984 | Lair:8   | Reached skill level 15 in Fighting
 24187 | Orc:1    | Entered Level 1 of the Orcish Mines
 24318 | Orc:1    | Received a gift from Trog
 24553 | Orc:1    | Reached skill level 15 in Dodging
 24711 | Orc:1    | Found a dark tunnel.
 25074 | Orc:1    | Found a burning altar of Makhleb.
 26785 | Orc:3    | Received a gift from Trog
 27510 | Orc:4    | Entered Level 4 of the Orcish Mines
 27510 | Orc:4    | Found a staircase to the Elven Halls.
 27537 | Orc:4    | Found a labyrinth entrance.
 27548 | Lab      | Entered a labyrinth
 27755 | Lab      | Got a steaming flail
 27755 | Lab      | Got a twisted chain mail
 27764 | Orc:4    | Identified the +7 flail of the Median {freeze, *Drain rC++} (You found it in a labyrinth)
 27785 | Orc:4    | Lost mutation: You expend magic power (3 MP) to strengthen your wands. [mutagenic glow]
 27905 | Orc:4    | Noticed Donald
 27923 | Orc:4    | Killed Donald
 27971 | Orc:4    | Found Toasul's Distillery.
 27983 | Orc:4    | Reached skill level 15 in Maces & Flails
 28566 | Lair:1   | Identified the cursed +1 chain mail of Lies {rElec} (You found it in a labyrinth)
 28646 | D:7      | Bought the -2 hat of the Alchemist {rElec rPois rF+ rC+ rN+ MR+ rMut rCorr} for 1368 gold pieces
 28682 | D:7      | Upgraded the game from 0.17.0 to 0.17.0-1-g61d176b
 28908 | Orc:4    | Found a roughly hewn altar of Beogh.
 29071 | Orc:4    | Found a roughly hewn altar of Beogh.
 29804 | Orc:4    | Received a gift from Trog
 29898 | Orc:4    | Found Git Waic's Magic Scroll Boutique.
 29915 | Orc:4    | Found Iqugir Ahum's Book Boutique.
 29917 | Orc:4    | Bought a scroll of summoning for 104 gold pieces
 29919 | Orc:4    | Bought a potion of beneficial mutation for 525 gold pieces
 29923 | Orc:4    | Gained mutation: Your flesh is heat resistant. [potion of beneficial mutation]
 29929 | Orc:4    | Found Mievyink's Weapon Emporium.
 30404 | Spider:1 | Entered Level 1 of the Spider Nest
 30623 | Spider:1 | Found a frozen archway.
 30627 | IceCv    | Entered an ice cave
 31576 | Spider:1 | Reached skill level 17 in Armour
 32204 | Spider:1 | Received a gift from Trog
 33392 | Spider:2 | Reached XP level 16. HP: 71/166 MP: 15/15
 33402 | Spider:2 | Blown up by an orb spider

Action                   |  1- 3 |  4- 6 |  7- 9 | 10-12 | 13-15 | 16-18 || total
-------------------------+-------+-------+-------+-------+-------+-------++-------
Melee: Mace              |    85 |    29 |   120 |   126 |  1433 |       ||  1793
       Hand axe          |       |   105 |    69 |       |       |       ||   174
       Flail             |       |       |   123 |     9 |       |       ||   132
       Whip              |       |       |       |   575 |       |       ||   575
       Great mace        |       |       |       |       |   513 |       ||   513
Throw: Tomahawk          |       |       |       |     2 |       |       ||     2
Invok: Berserk           |     2 |     1 |     5 |     8 |     8 |       ||    24
       Trog's Hand       |       |     2 |     2 |    13 |     8 |       ||    25
       Burn Spellbooks   |       |       |     2 |     2 |     2 |       ||     6
       Brothers in Arms  |       |       |       |     8 |     2 |       ||    10
  Use: Scroll            |       |       |     6 |    10 |    17 |       ||    33
       Potion            |       |       |       |       |     1 |       ||     1
 Stab: Sleeping          |     1 |       |     1 |     1 |       |       ||     3
       Distracted        |       |       |       |     1 |       |       ||     1
  Eat: Chunk             |     3 |     9 |    13 |    31 |    51 |       ||   107
       Bread ration      |       |       |     2 |       |     6 |       ||     8
